 Dungeon Crawl Stone Soup version 0.26-a0-667-g92642533e4 (webtiles) character file.

Game seed: 4764239248412159299

851 jiml777 the Digger (level 8, -5/41 HPs)
             Began as a Gargoyle Earth Elementalist on Oct 17, 2020.
             Slain by an ogre
             ... wielding a +0 giant club
              (22 damage)
             ... on level 5 of the Dungeon.
             The game lasted 00:29:38 (4015 turns).

jiml777 the Digger (Gargoyle Earth Elementalist)    Turns: 4015, Time: 00:29:39

Health: -5/41      AC:  9    Str: 12    XL:     8   Next: 1%
Magic:  13/15      EV: 12    Int: 18    God:
Gold:   18         SH:  0    Dex: 10    Spells: 10/16 levels left

rFire    . . .     SeeInvis .   a - +1 club
rCold    + + .     Faith    .   (no shield)
rNeg     + . .     Spirit   .   c - +0 robe
rPois    ∞         Reflect  .   (no helmet)
rElec    +         Harm     .   (no cloak)
rCorr    .         Rampage  .   (no gloves)
MR       .....                  d - +1 pair of boots
Stlth    ++........             (no amulet)
HPRegen  0.13/turn              h - ring of protection from cold
MPRegen  0.14/turn              r - ring of protection from cold

@: no status effects
A: negative energy resistance 1, electricity resistance, unbreathing,
petrification resistance, rot immunity, AC +5
a: no special abilities


You were on level 5 of the Dungeon.
You visited 1 branch of the dungeon, and saw 5 of its levels.

You collected 172 gold pieces.
You spent 154 gold pieces at shops.

Inventory:

Hand Weapons
 a - a +1 club (weapon)
 e - a +0 dagger of speed
Missiles
 b - 74 stones (quivered)
 j - 34 bolts
 k - 23 arrows
 l - 6 boomerangs
 m - 19 sling bullets
Armour
 c - a +0 robe (worn)
 d - a +1 pair of boots (worn)
Jewellery
 h - a ring of protection from cold (left hand)
 r - a ring of protection from cold (right hand)
 u - an uncursed ring of flight
Wands
 t - a wand of flame (37)
Scrolls
 g - 4 scrolls of teleportation
 n - a scroll of fear
 o - a scroll of remove curse
 q - a scroll of silence
 s - a scroll of amnesia
Potions
 f - a potion of heal wounds
 i - a potion of might
 p - a potion of resistance {unknown}


   Skills:
 + Level 0.2 Maces & Flails
 + Level 1.9 Dodging
 + Level 2.6 Stealth
 * Level 4.9 Spellcasting
 * Level 2.9 Conjurations
 * Level 2.3 Transmutations
 * Level 7.4 Earth Magic


You had 10 spell levels left.
You knew the following spells:

 Your Spells              Type           Power        Failure   Level
a - Sandblast             Erth           ####..       1%          1
b - Passwall              Tmut/Erth      ###.....     2%          2
c - Stone Arrow           Conj/Erth      ###...       4%          3

Your spell library contained the following spells:

 Spells                   Type           Power        Failure   Level
 Petrify                  Tmut/Erth      ###.....     19%         4
 Lee's Rapid Deconstruct  Erth           ####......   19%         5


Dungeon Overview and Level Annotations

Branches:
Dungeon (5/15)             Temple (0/1) D:5

Altars:
Vehumet
Zin

Shops:
D:5 *

Annotations:
D:4 3 runed translucent doors, reriks's ghost, amateur DEWz


Innate Abilities, Weirdness & Mutations

You are resistant to torment.
Your stone body is resilient. (AC +5)
You are immune to poison.
You resist negative energy. (rN+)
You are resistant to electric shocks. (rElec)
You can survive without breathing.
You are immune to petrification.
You are immune to rotting.


Message History

Aiming: Sandblast (safe; 1% risk of failure)
Press: ? - help, Shift-Dir - straight line, f - ogre
Aim: an ogre, wielding a +0 giant club The blast of sand hits the ogre!
The ogre is heavily wounded.
b - 75 stones The ogre hits you with a +0 giant club!
Casting: Sandblast (safe; 1% risk of failure)
Confirm with . or Enter, or press ? or * to list all spells.
Aiming: Sandblast (safe; 1% risk of failure)
Press: ? - help, Shift-Dir - straight line, f/p - ogre
Aim: an ogre, wielding a +0 giant club (heavily wounded)
The blast of sand hits the ogre!
The ogre is almost dead.
b - 74 stones The centaur shoots an arrow.
The arrow hits you!
The centaur shoots an arrow.
The arrow closely misses you.
The ogre hits you with a +0 giant club!!
Ouch! That really hurt!
You die...

..# #..<.......,,,,,,
..###############..........,,,,,,
................#....c.....,,,,,,
......).........##.........,,,,,,
................###..<.....,,,,,,
................###........,,,,,,
####.............c(........,,,,,,
#.............#..O......,,,,,,
##........>...@#.#....###******
#..............O.#....#*****
#................#.......,,*
#................#.......,,*
#................#.......,,****
###########(.....#.......,,,,,,
#......#.......,,,,,,
#......#****,,,,,,,,, #......#
*,,,,,,,,,


You could see an ogre and a centaur.

Vanquished Creatures
  Sigmund (D:4)
  Duvessa (D:4)
  2 ogres (D:5)
  Dowan (D:4)
  2 hounds
  A bullfrog skeleton (D:4)
  An orc priest (D:5)
  An orc wizard (D:5)
  An iguana (D:4)
  2 worker ants
  A worker ant zombie (D:5)
  3 gnolls (D:4)
  An adder (D:4)
  A white imp (D:5)
  An ooze (D:2)
  An adder zombie (D:5)
  A worm (D:4)
  A dart slug (D:1)
  3 leopard geckos
  7 orcs (D:5)
  A ball python (D:1)
  4 bats
  2 giant cockroaches
  7 goblins
  7 hobgoblins
  9 jackals
  5 kobolds
  7 frilled lizards
  6 rats
81 creatures vanquished.

Notes
Turn   | Place    | Note
-------+----------+-------------------------------------------
     0 | D:1      | jiml777 the Gargoyle Earth Elementalist began the quest for
                  | the Orb.
     0 | D:1      | Reached XP level 1. HP: 10/10 MP: 3/3
   122 | D:1      | Reached skill level 4 in Earth Magic
   122 | D:1      | Reached XP level 2. HP: 15/15 MP: 0/5
   704 | D:1      | Reached XP level 3. HP: 19/19 MP: 2/6
   869 | D:1      | Learned a level 2 spell: Passwall
   873 | D:1      | Learned a level 3 spell: Stone Arrow
  1031 | D:2      | Found a faded altar of an unknown god.
  1186 | D:2      | Found a glowing silver altar of Zin.
  1297 | D:2      | Reached skill level 1 in Transmutations
  2194 | D:3      | Reached XP level 4. HP: 24/24 MP: 4/7
  2345 | D:4      | Noticed Sigmund
  2352 | D:4      | Killed Sigmund
  2352 | D:4      | Reached skill level 1 in Conjurations
  2352 | D:4      | Reached skill level 5 in Earth Magic
  2352 | D:4      | Reached XP level 5. HP: 28/28 MP: 2/10
  2444 | D:4      | Found a runed translucent gate.
  2444 | D:4      | Found a runed translucent gate.
  2444 | D:4      | Found a runed translucent gate.
  2452 | D:4      | Noticed reriks's ghost (amateur DEWz)
  2514 | D:4      | Reached XP level 6. HP: 32/32 MP: 7/11
  2686 | D:4      | Reached skill level 6 in Earth Magic
  2777 | D:4      | Found a radiant altar of Vehumet.
  2778 | D:4      | Noticed Duvessa
  2778 | D:4      | Noticed Dowan
  2827 | D:4      | Killed Duvessa
  2827 | D:4      | Reached XP level 7. HP: 15/36 MP: 4/13
  2831 | D:4      | Killed Dowan
  3538 | D:5      | Entered Level 5 of the Dungeon
  3584 | D:5      | Reached skill level 7 in Earth Magic
  3591 | D:5      | Found Pegobil's General Store.
  3646 | D:5      | Bought a scroll of silence for 105 gold pieces
  3646 | D:5      | Bought a scroll of amnesia for 49 gold pieces
  3757 | D:5      | Reached XP level 8. HP: 18/41 MP: 6/15
  4015 | D:5      | Slain by an ogre

Illustrated notes

Levels and vault maps discovered:
D:1:      dpeg_arrival_tiny_d, layout_loops_ring
D:2:      layout_rooms, marbit_many_paths, chequers_ecumenical_altar_simple
D:3:      layout_loops_ring
D:4:      layout_basic, vehumet_altar_wand_db, ebering_ghost_rock_garden,
          hangedman_abyss_or_decor_jellyfish_corner,
          minmay_misc_feat_secret_circle, uniq_duvessa, uniq_sigmund
D:5:      layout_basic, lightli_temple_of_fire, kennysheep_mini,
          minmay_temple_entry_butterflies, serial_shops, shop

Skill      XL: |  1  2  3  4  5  6  7 |
---------------+----------------------+-----
Earth Magic    | 4 5 6 7 |  7.4
Transmutations | 1 2 |  2.3
Spellcasting   | 3 4 |  4.9
Conjurations   | 1 2 |  2.9
Maces & Flails | |  0.2
Dodging        | |  1.9
Stealth        | |  2.6

Action                   |  1- 3 |  4- 6 |  7- 9 || total
-------------------------+-------+-------+-------++-------
Melee: Unarmed           |     2 |       |       ||     2
       Club              |    16 |    20 |     5 ||    41
 Cast: Sandblast         |    61 |    38 |    46 ||   145
       Stone Arrow       |       |       |     3 ||     3
  Use: Scroll            |     5 |     1 |     3 ||     9
       Potion            |       |     3 |       ||     3
Armor: Robe              |    12 |    14 |     8 ||    34
Dodge: Dodged            |    34 |    25 |    20 ||    79

Table legend: (Time is in decaauts)
 A = Elapsed time spent in this place.
 B = Non-inter-level travel time spent in this place.
 C = Inter-level travel time spent in this place.
 D = Time resting spent in this place.
 E = Time spent auto-exploring this place.
 F = Levels seen in this place.
 G = Mean time per level.
                   A        B        C        D        E       F      G
               +--------+--------+--------+--------+--------+-----+--------+
         Total |   4021 |   3891 |    130 |   1199 |   1854 |   5 |  804.2 |
       Dungeon |   4021 |   3891 |    130 |   1199 |   1854 |   5 |  804.2 |
               +--------+--------+--------+--------+--------+-----+--------+

Top non-repeatable levels by time:
     D:4: 1296 daAuts
     D:1: 1027 daAuts
     D:3: 718 daAuts
     D:2: 501 daAuts
     D:5: 476 daAuts
